 Dungeon Crawl Stone Soup version 0.30-b1-2-g02819fbbbe (webtiles) character file.

Game seed: 8131445321152284126

159226 sanka the Nimble (level 16, 0/141 HPs)
             Began as a Demigod Conjurer on May 18, 2023.
             Slain by a demonic crawler (15 damage)
             ... on level 4 of the Spider Nest.
             The game lasted 01:36:41 (37589 turns).

sanka the Nimble (Demigod Conjurer)                Turns: 37589, Time: 01:36:42

Health: 0/141      AC: 11    Str:  8    XL:     16   Next: 60%
Magic:  13/31      EV: 19    Int: 40    God:
Gold:   1458       SH:  0    Dex: 15    Spells: 6/29 levels left

rFire   x x .        b - staff of cold
rCold   + + +        (no shield)
rNeg    . . .        f - +0 steam dragon scales
rPois   .            m - +0 helmet
rElec   .            V - +4 cloak "Tiasch" {Dex+3}
rCorr   .            Z - +0 pair of gloves
SInv    .            R - +0 pair of boots
Will    +....        z - amulet of magic regeneration
Stlth   ++           n - ring of ice
HPRegen 0.43/turn    G - ring of ice
MPRegen 0.62/turn

%: no passive effects
@: mighty, about to teleport, corroded
A: high MP 1, forlorn, divine attributes
a: no special abilities


You were on level 4 of the Spider Nest.
You visited 5 branches of the dungeon, and saw 27 of its levels.
You also visited: Gauntlet.

You collected 3005 gold pieces.
You spent 1547 gold pieces at shops.

Inventory:

Hand Weapons
 a - the +8 lance "Wyrmbane" {slay drac, rPois rF+ rC+ AC+3}
   (You bought it in a shop on level 2 of the Orcish Mines)

   AC:        It affects your AC (+3).
   rF:        It protects you from fire.
   rC:        It protects you from cold.
   rPois:     It protects you from poison.
 F - a +9 demon trident
Armour
 f - +0 steam dragon scales (worn)
 k - a +1 kite shield of protection
 m - a +0 helmet (worn)
 N - the +1 leather armour of the Spheres {rElec rPois rC++}
   (You found it on level 11 of the Dungeon)

   rC:        It greatly protects you from cold.
   rElec:     It insulates you from electricity.
   rPois:     It protects you from poison.
 R - a +0 pair of boots (worn)
 V - the +4 cloak "Tiasch" (worn) {Dex+3}
   (You found it on level 1 of the Lair of Beasts)

   Dex:       It affects your dexterity (+3).
 Z - a +0 pair of gloves (worn)
Magical Staves
 b - a staff of cold (weapon)
 w - the staff of conjuration "Cyti Her" {rPois Will+++ SInv Stlth-, !a}
   (You found it on level 13 of the Dungeon)

   [staff of conjuration]

   Base accuracy: +5 Base damage: 5 Base attack delay: 1.2 This weapon's minimum
   attack delay (0.6) is reached at skill level 12.
   rPois:     It protects you from poison.
   SInv:      It lets you see invisible.
   Will:      It greatly increases your willpower.
   Stlth:     It makes you less stealthy.
   It falls into the 'Staves' category.
   It is a one-handed weapon.
Jewellery
 n - a ring of ice (left hand)
 x - the ring of the Tortoise {AC+8}
   (You found it in a Gauntlet)

   [ring of protection]

   AC:        It affects your AC (+8).
 z - an amulet of magic regeneration (around neck)
 G - a ring of ice (right hand)
 O - a +4 ring of protection
 W - the ring of Hoitum {rC- rN+ rCorr Int+3}
   (You found it on level 2 of the Lair of Beasts)

   [ring of positive energy]

   Int:       It affects your intelligence (+3).
   rC:        It makes you vulnerable to cold.
   rN:        It protects you from negative energy.
   rCorr:     It protects you from acid and corrosion.
Wands
 c - a wand of mindburst (23)
 l - a wand of quicksilver (5)
 I - a wand of paralysis (14)
 K - a wand of polymorph (17)
 L - a wand of iceblast (25)
 S - a wand of flame (18)
 T - a wand of digging (3)
Scrolls
 d - 10 scrolls of noise {!r}
 e - 10 scrolls of teleportation {@r4}
 q - a scroll of fear
 t - a scroll of blinking
 u - 6 scrolls of fog
 v - 4 scrolls of magic mapping
 y - 3 scrolls of enchant armour
 H - 5 scrolls of amnesia
 J - 5 scrolls of poison {!r}
 X - a scroll of acquirement
Potions
 g - 5 potions of heal wounds {@q2}
 h - 21 potions of curing {@q1}
 i - 4 potions of mutation {unknown}
 j - 8 potions of degeneration {unknown}
 o - a potion of ambrosia {unknown}
 p - 2 potions of cancellation {unknown}
 r - 2 potions of berserk rage {!q}
 s - 5 potions of flight {unknown}
 A - 9 potions of attraction {unknown}
 B - 8 potions of haste {@q3}
 E - 3 potions of invisibility {unknown}
 M - a potion of lignification {unknown}
 P - 9 potions of brilliance
 U - 5 potions of magic
 Y - a potion of resistance {unknown}
Miscellaneous
 D - a phantom mirror


   Skills:
 - Level 12.9 Fighting
 - Level 12.0 Polearms
 - Level 6.9 Armour
 - Level 13.0 Dodging
 - Level 1.7 Stealth
 - Level 7.0 Spellcasting
 - Level 9.0 Conjurations
 + Level 12.7 Ice Magic
 - Level 9.0 Air Magic
 - Level 2.0 Earth Magic


You had 6 spell levels left.
You knew the following spells:

 Your Spells              Type           Power      Damage    Failure   Level
a - Magic Dart            Conj           100%       1d8       1%          1
b - Searing Ray           Conj           100%       2d8       1%          2
c - Freezing Cloud        Conj/Ice/Air   72%        6-21      1%          5
d - Stone Arrow           Conj/Erth      100%       3d13      1%          3
e - Iskenderun's Battles  Conj           72%        2d12      1%          5
f - Ozocubu's Refrigerat  Ice            78%        4d24      11%         7

Your spell library contained the following spells:

 Spells                   Type           Power      Damage    Failure   Level
 Kiss of Death            Conj/Necr      100%       2d13      1%          1
 Sandblast                Erth           60%        2d14      1%          1
 Cigotuvi's Dreadful Rot  Necr/Pois/Air  76%        N/A       1%          2
 Dazzling Flash           Conj/Hex       100%       N/A       1%          3
 Frozen Ramparts          Ice            100%       1d16      1%          3
 Mephitic Cloud           Conj/Pois/Air  58%        N/A       1%          3
 Ice Form                 Ice/Tmut       100%       N/A       1%          4
 Summon Ice Beast         Ice/Summ       100%       N/A       1%          4
 Beastly Appendage        Tmut           28%        N/A       2%          1
 Necrotise                Necr           56%        1d6       2%          1
 Slow                     Hex            56%        N/A       2%          1
 Passwall                 Tmut/Erth      18%        N/A       2%          2
 Call Imp                 Summ           28%        N/A       3%          2
 Sublimation of Blood     Necr           14%        N/A       3%          2
 Wereblood                Tmut           14%        N/A       3%          2
 Fulminant Prism          Conj/Hex       25%        3d14      3%          4
 Iskenderun's Mystic Bla  Conj/Tloc      50%        2d11      3%          4
 Confusing Touch          Hex            14%        N/A       7%          3
 Ignite Poison            Fire/Tmut/Pois 14%        N/A       7%          3
 Spider Form              Tmut/Pois      14%        N/A       7%          3
 Vampiric Draining        Necr           14%        2d7       7%          3
 Conjure Ball Lightning   Conj/Air       36%        3x3d12    9%          6
 Fireball                 Conj/Fire      25%        3d11      11%         5
 Irradiate                Conj/Tmut      25%        3d20      11%         5
 Animate Armour           Summ/Erth      44%        N/A       16%         4
 Petrify                  Tmut/Erth      22%        N/A       16%         4
 Animate Dead             Necr           14%        N/A       24%         4
 Dispel Undead            Necr           14%        3d10      24%         4
 Simulacrum               Ice/Necr       60%        N/A       26%         6
 Borgnjor's Vile Clutch   Necr/Erth      11%        N/A       41%         5
 Agony                    Necr           14%        N/A       54%         5
 Alistair's Intoxication  Tmut/Pois      9%         N/A       54%         5
 Death Channel            Necr           7%         N/A       98%         6
 Eringya's Noxious Bog    Tmut/Pois      7%         N/A       98%         6
 Orb of Destruction       Conj           36%        9d11      45%         7
 Lehudib's Crystal Spear  Conj/Erth      27%        10d7      100%        8
 Polar Vortex             Ice            78%        N/A       100%        9


Dungeon Overview and Level Annotations

Branches:
Dungeon (15/15)            Temple (1/1) D:5            Lair (5/5) D:8
 Shoals (0/4) Lair:2       Spider (4/4) Lair:3        Slime (0/5) Lair:5
    Orc (2/2) D:10            Elf (0/3) Orc:2        Vaults (0/5) D:14
 Depths (0/4) D:15        Gauntlet (visited)

Shops:
D:2 *   D:5 !([   D:10 *   Orc:2 *(:(


Innate Abilities, Weirdness & Mutations

You have an increased reservoir of magic. (+10% MP)
You shall have no god before yourself.
Your divine heritage dramatically boosts your attributes as you level up.


Message History

The demonic crawler misses you.
The demonic crawler completely misses you.
The demonic crawler misses you.
Unknown command.
You hit the demonic crawler but do no damage.
The demonic crawler is lightly wounded.
The demonic crawler completely misses you.
The demonic crawler misses you. x2
You hit the demonic crawler.
The demonic crawler is lightly wounded.
The demonic crawler completely misses you.
The demonic crawler hits you! The demonic crawler closely misses you.
The boulder beetle hits you!!!
* * * LOW HITPOINT WARNING * * *
The boulder beetle stops rolling and uncurls.
You feel much better. The demonic crawler hits you!
* * * LOW HITPOINT WARNING * * *
The demonic crawler hits you but does no damage.
The demonic crawler closely misses you. The boulder beetle closely misses you.
Your magical contamination has completely faded away.
Unknown command.
Unknown command.
You hit the demonic crawler.
The demonic crawler is lightly wounded.
The demonic crawler misses you. The demonic crawler hits you.
* * * LOW HITPOINT WARNING * * *
The demonic crawler barely misses you. The boulder beetle bites you!
* * * LOW HITPOINT WARNING * * *
Unknown command.
Okay, then.
Unknown command.
As you read the scroll of teleportation {@r4}, it crumbles to dust.
You feel strangely unstable.
You carefully extract the barbed spikes from your body.
The demonic crawler barely misses you.
The demonic crawler completely misses you.
The demonic crawler closely misses you.
The boulder beetle bites you but does no damage.
The demonic crawler misses you. The demonic crawler hits you!
You die...

#####......####. #^...
#.......†.....## #..^.
##......†......######...#
##.........[.....##......#
#.....##...##.....#......#
#....###...##.....#..^..#.
##..####†B..###..##.^#....
###.##.^.s...# .##...^.#..
.#.###....@.^## #.......^.
............## ##..^..#..
..............## ##[^.^.###
....^#^.....^..# #...######
..^#........#...###...#####.
..........####.###...##.....
...^.......†.# ###^...#..^...
.^......#.^^†## #.#......##..
....^....#....####.#.........


You could see a boulder beetle and a demonic crawler.

Vanquished Creatures
  Asterion (Spider:2)
  Agnes (D:15)
  Donald (Orc:2)
  3 emperor scorpions
  A ghost moth (Spider:2)
  2 broodmothers
  A stone giant (D:15)
  A vampire knight (D:13)
  3 spark wasps
  A minotaur (Gauntlet)
  2 ettins
  10 entropy weavers
  5 hydras
  5 radroaches
  A jorogumo (Spider:1)
  Erica (Lair:2)
  An ogre mage (Orc:2)
  3 catoblepae (Lair:5)
  A dancing weapon (D:11)
  5 centaur warriors
  9 two-headed ogres
  9 boulder beetles
  14 death yaks
  The ghost of arta456 the Thaumaturge, a journeyman DECj of the Shining One (D:11)
  An orc high priest (Orc:1)
  The ghost of qborf the Jinx, a novice FoEn of Cheibriados (D:7)
  2 tengu warriors
  Urug (D:10)
  A deep troll earth mage (D:13)
  Sonja (Lair:1)
  Amaemon (D:8)
  Nergalle (D:11)
  2 sun moths (Spider:3)
  4 skysharks
  9 pharaoh ants
  4 skeletal warriors (D:13)
  A deep troll (D:15)
  7 steelbarb worms
  A wizard (D:14)
  A phantasmal warrior (D:13)
  7 orb spiders
  The ghost of eelars the Covered, a novice MiFi of Cheibriados (D:5)
  6 deep elf pyromancers
  2 orc knights
  A necromancer (D:15)
  A lindwurm (Lair:4)
  Pikel (D:7)
  15 ugly things
  An oklob plant (Lair:5)
  11 wolf spiders
  7 orc sorcerers
  6 manticores
  6 cyclopes
  2 merfolk sirens (Lair:2)
  A black mamba (Lair:5)
  A gargoyle (D:12)
  5 demonic crawlers
  An orange demon (D:8)
  3 torpor snails
  9 cane toads
  3 minotaur zombies (Gauntlet)
  Maggie (Lair:2)
  An unseen horror (D:8)
  2 large abominations (Gauntlet)
  A rime drake (Lair:3)
  7 komodo dragons
  An efreet (D:14)
  A freezing wraith (D:15)
  3 tengu conjurers
  7 trolls
  6 meliai
  4 polar bears
  A queen bee (Gauntlet)
  20 tarantellas
  17 blink frogs
  A blink frog (shapeshifter) (D:13)
  31 jumping spiders
  Sigmund (D:2)
  19 culicivoras
  2 shadows
  3 wyverns
  44 yaks
  2 wraiths
  4 slime creatures
  A fire elemental (D:14)
  6 small abominations (Gauntlet)
  A vampire (D:13)
  2 basilisks
  3 chaos spawn (Gauntlet)
  2 steam dragons
  51 redbacks
  Menkaure (D:6)
  A neqoxec (Gauntlet)
  18 wargs
  9 vampire mosquitoes
  An acid dragon (D:9)
  16 water moccasins
  Duvessa (D:7)
  15 orc warriors
  3 black bears
  2 ice beasts
  11 ogres
  3 sky beasts
  A boggart (D:13)
  A phantom (D:6)
  14 wolves
  9 centaurs
  2 lemures (D:7)
  9 bullfrogs
  2 scorpions (D:5)
  Dowan (D:7)
  3 killer bees (Gauntlet)
  7 howler monkeys
  2 electric eels
  A lava snake (D:14)
  7 hounds
  2 jellies
  3 quasits (D:5)
  25 orc priests
  A gnoll bouda (D:7)
  Jessica (D:2)
  7 iguanas
  49 orc wizards
  2 sleepcaps
  A killer bee zombie (D:5)
  A howler monkey zombie (D:5)
  Robin (D:2)
  7 gnolls
  3 adders
  A shadow imp (D:7)
  A white imp (D:7)
  An ufetubus (D:4)
  4 dart slugs
  137 orcs
  6 ball pythons
  4 bats
  9 endoplasms
  2 giant cockroaches
  18 goblins
  4 hobgoblins
  3 jackals (D:2)
  10 kobolds
  4 quokkas
  2 frilled lizards
  8 rats
912 creatures vanquished.

Vanquished Creatures (others)
  An ugly thing (D:15)
  2 orc wizards (Orc:2)
  An orc (Orc:2)
  24 fungi
  53 plants
  3 withered plants (Gauntlet)
84 creatures vanquished.

Grand Total: 996 creatures vanquished

Notes
Turn   | Place    | Note
-------+----------+-------------------------------------------
     0 | D:1      | sanka the Demigod Conjurer began the quest for the Orb.
     0 | D:1      | Reached XP level 1. HP: 14/14 MP: 5/5
   317 | D:1      | Reached XP level 2. HP: 20/20 MP: 4/7
   905 | D:1      | Learned a level 2 spell: Searing Ray
  1191 | D:2      | Noticed Robin
  1193 | D:2      | Reached XP level 3. HP: 17/26 MP: 4/8
  1201 | D:2      | Killed Robin
  1315 | D:2      | Noticed Sigmund
  1355 | D:2      | Killed Sigmund
  1356 | D:2      | Reached XP level 4. HP: 33/33 MP: 2/9
  1356 | D:2      | Reached XP level 5. HP: 38/38 MP: 2/10
  1428 | D:2      | Learned a level 5 spell: Freezing Cloud
  1552 | D:2      | Found Goenlin's Assorted Antiques.
  1754 | D:2      | Noticed Jessica
  1757 | D:2      | Killed Jessica
  3072 | D:3      | Reached XP level 6. HP: 45/45 MP: 6/12
  3307 | D:4      | Reached skill level 1 in Air Magic
  3335 | D:4      | Reached skill level 1 in Ice Magic
  4118 | D:4      | Reached XP level 7. HP: 50/50 MP: 14/14
  4509 | D:5      | Entered Level 5 of the Dungeon
  4598 | D:5      | Found a staircase to the Ecumenical Temple.
  4692 | Temple   | Entered the Ecumenical Temple
  5056 | D:5      | Found Didimmul's Distillery.
  5167 | D:5      | Bought a potion of haste for 130 gold pieces
  5167 | D:5      | Bought a potion of curing for 39 gold pieces
  5227 | D:5      | Found a transporter.
  5254 | D:5      | Found Quyruif's Antique Armour Shop.
  5284 | D:5      | Reached XP level 8. HP: 57/57 MP: 17/17
  5325 | D:5      | Found Beuk's Antique Weapon Shop.
  5331 | D:5      | Found a transporter.
  5336 | D:5      | Noticed eelars's ghost (novice MiFi)
  5570 | D:5      | Found a runed translucent door.
  5865 | D:6      | Noticed Menkaure
  5870 | D:6      | Killed Menkaure
  6547 | D:6      | Reached skill level 5 in Spellcasting
  6547 | D:6      | Reached skill level 5 in Air Magic
  6724 | D:6      | Learned a level 3 spell: Stone Arrow
  7004 | D:7      | Reached skill level 1 in Earth Magic
  7004 | D:7      | Reached XP level 9. HP: 51/62 MP: 20/20
  7494 | D:7      | Noticed Dowan
  7561 | D:7      | Noticed Duvessa
  7576 | D:7      | Killed Duvessa
  7583 | D:7      | Killed Dowan
  7965 | D:7      | Noticed Pikel
  7969 | D:7      | Killed Pikel
  8398 | D:8      | Found a runed translucent gate.
  8400 | D:8      | Found a runed translucent gate.
  8401 | D:8      | Found a runed translucent gate.
  8403 | D:8      | Noticed qborf's ghost (novice FoEn)
  8404 | D:8      | Noticed a boulder beetle
  8738 | D:8      | Noticed a two-headed ogre
  8746 | D:8      | Killed a two-headed ogre
  8747 | D:8      | Reached skill level 2 in Dodging
  8926 | D:8      | Reached XP level 10. HP: 73/73 MP: 23/23
  9084 | D:8      | Found a transporter.
  9084 | D:8      | Found a transporter.
  9084 | D:8      | Noticed a boulder beetle
  9105 | D:8      | Found a staircase to the Lair.
 10313 | D:9      | Noticed a two-headed ogre
 10317 | D:9      | Killed a two-headed ogre
 10528 | D:9      | Reached skill level 3 in Dodging
 11344 | D:5      | Bought a potion of heal wounds for 65 gold pieces
 11344 | D:5      | Bought a potion of heal wounds for 65 gold pieces
 11344 | D:5      | Bought a potion of brilliance for 52 gold pieces
 11344 | D:5      | Bought a potion of berserk rage for 65 gold pieces
 11476 | D:10     | Entered Level 10 of the Dungeon
 11476 | D:10     | Noticed Urug
 11477 | D:10     | Noticed a two-headed ogre
 11484 | D:10     | Killed a two-headed ogre
 11485 | D:10     | Killed Urug
 11486 | D:10     | Reached skill level 4 in Dodging
 11784 | D:10     | Found Zoint's General Store.
 11846 | D:10     | Reached XP level 11. HP: 84/84 MP: 19/25
 12023 | D:10     | Found a staircase to the Orcish Mines.
 12604 | D:11     | Reached skill level 5 in Dodging
 12717 | D:11     | Found a runed translucent door.
 12718 | D:11     | Noticed a +2 flail of chaos
 12718 | D:11     | Noticed arta456's ghost (journeyman DECj)
 12737 | D:11     | Reached skill level 5 in Fighting
 12826 | D:11     | Noticed Nergalle
 12834 | D:11     | Killed Nergalle
 12974 | D:11     | Identified the +1 leather armour of the Spheres {rElec
                  | rPois rC++}
 13182 | D:11     | Reached skill level 6 in Dodging
 13903 | Lair:1   | Entered Level 1 of the Lair of Beasts
 13903 | Lair:1   | Noticed Amaemon
 13904 | Lair:1   | Noticed a death yak
 13904 | Lair:1   | Noticed a death yak
 13913 | D:8      | Killed Amaemon
 14055 | Lair:1   | Noticed a death yak
 14183 | Lair:1   | Noticed Sonja
 14190 | Lair:1   | Killed Sonja
 14191 | Lair:1   | Reached skill level 7 in Dodging
 14446 | Lair:1   | Killed a death yak
 14448 | Lair:1   | Killed a death yak
 14450 | Lair:1   | Killed a death yak
 14648 | Lair:1   | Identified the +4 cloak "Tiasch" {Dex+3}
 14764 | Lair:1   | Reached skill level 8 in Dodging
 14989 | Lair:1   | Reached XP level 12. HP: 101/101 MP: 18/26
 15407 | Lair:2   | Noticed Erica
 15415 | Lair:2   | Killed Erica
 15600 | Lair:2   | Noticed Maggie
 15610 | Lair:2   | Killed Maggie
 15826 | Lair:2   | Identified the ring of Hoitum {rC- rN+ rCorr Int+3}
 15956 | Lair:2   | Identified the +1 scale mail of Twilight {-Tele rElec
                  | Regen+ Dex+3}
 15974 | Lair:2   | Reached skill level 9 in Dodging
 16111 | Lair:2   | Found the +1 cloak of Starlight {*Dazzle EV+4 Stlth--}
 16294 | Lair:2   | Found a staircase to the Shoals.
 16505 | Lair:3   | Noticed a seven-headed hydra
 16518 | Lair:2   | Reached skill level 10 in Dodging
 16845 | Lair:3   | Reached skill level 10 in Fighting
 16888 | Lair:3   | Found a hole to the Spider Nest.
 17211 | Lair:3   | Killed a seven-headed hydra
 17991 | Lair:4   | Reached XP level 13. HP: 114/114 MP: 17/27
 17993 | Lair:4   | Reached skill level 11 in Dodging
 18465 | Lair:5   | Entered Level 5 of the Lair of Beasts
 18561 | Lair:5   | Reached skill level 1 in Armour
 18617 | Lair:5   | Found a staircase to the Slime Pits.
 19269 | Lair:5   | Reached skill level 12 in Dodging
 20310 | D:5      | Killed eelars's ghost
 20470 | D:7      | Reached skill level 5 in Armour
 20631 | D:7      | Killed qborf's ghost
 21121 | D:11     | Killed arta456's ghost
 21366 | Orc:1    | Entered Level 1 of the Orcish Mines
 21503 | Orc:2    | Entered Level 2 of the Orcish Mines
 21662 | Orc:1    | Reached XP level 14. HP: 127/127 MP: 5/28
 22221 | Orc:2    | Found a staircase to the Elven Halls.
 22225 | Orc:2    | Noticed Donald
 22232 | Orc:2    | Killed Donald
 22597 | Orc:2    | Paralysed by an orc sorcerer for 5 turns
 22795 | Orc:2    | Found Ulisitan's Antique Weapon Shoppe.
 22795 | Orc:2    | Found Fufatuit's General Store.
 22937 | Orc:2    | Paralysed by an orc sorcerer for 5 turns
 23075 | Orc:2    | Found Sogotoes's Weapon Shoppe.
 23075 | Orc:2    | Found Woymazui's Book Shop.
 23454 | Orc:1    | Reached skill level 13 in Dodging
 23641 | Orc:2    | Bought the +8 lance "Wyrmbane" {slay drac, rPois rF+ rC+
                  | AC+3} for 1131 gold pieces
 23641 | Orc:2    | Found the +8 lance "Wyrmbane" {slay drac, rPois rF+ rC+
                  | AC+3}
 23750 | D:12     | Found a gate leading to a gauntlet.
 23765 | Gauntlet | Entered a Gauntlet
 23765 | Gauntlet | Found a transporter.
 23775 | Gauntlet | Found a transporter.
 23790 | Gauntlet | Found a transporter.
 23795 | Gauntlet | Found a transporter.
 23810 | Gauntlet | Found a transporter.
 23810 | Gauntlet | Found the ring of the Tortoise {AC+8}
 23829 | Gauntlet | Found a transporter.
 23831 | Gauntlet | Found the amulet of the Four Winds {rN+ Will+++ Clar}
 23841 | Gauntlet | Found a transporter.
 23853 | Gauntlet | Found a transporter.
 23865 | Gauntlet | Found a transporter.
 23877 | Gauntlet | Found a transporter.
 23912 | Gauntlet | Found a transporter.
 23912 | Gauntlet | Found a transporter.
 23932 | Gauntlet | Found a transporter.
 24010 | Gauntlet | Found a transporter.
 24030 | Gauntlet | Found a transporter.
 24055 | Gauntlet | Found a transporter.
 24057 | Gauntlet | Found a transporter.
 24077 | Gauntlet | Found a transporter.
 24205 | Gauntlet | Reached skill level 1 in Polearms
 24485 | Gauntlet | Identified the +8 great sword "Lizir" {drain, rF+ Str+2}
 25828 | D:13     | Reached skill level 5 in Polearms
 26146 | D:13     | Found a runed translucent gate.
 26146 | D:13     | Found a runed translucent gate.
 26146 | D:13     | Found a runed translucent gate.
 26570 | D:13     | Found a runed translucent gate.
 26570 | D:13     | Found a runed translucent gate.
 26570 | D:13     | Found a runed translucent gate.
 27040 | D:13     | Identified the +6 quarterstaff of the Singing Bear {heavy,
                  | *Noise rF+ Int+2 Dex+2}
 27042 | D:13     | Identified the +4 halberd "Sarcophage" {freeze, Fragile
                  | rCorr Dex+3}
 27703 | D:13     | Identified the +4 war axe "Atijutza" {freeze, +Blink rPois
                  | Str+3}
 27706 | D:13     | Identified the staff of conjuration "Cyti Her" {rPois
                  | Will+++ SInv Stlth-}
 27713 | D:13     | Identified the +11 arbalest of Ropaexoa {heavy, rC- Str+8
                  | Dex+2 Stlth+}
 27724 | D:13     | Identified the +0 spear of Zoogagra {vamp, Fly Dex+3
                  | Stlth+}
 28171 | D:14     | Reached XP level 15. HP: 123/134 MP: 26/30
 28516 | D:14     | Found a gate to the Vaults.
 28603 | D:15     | Entered Level 15 of the Dungeon
 28726 | D:15     | Noticed Agnes
 28734 | D:15     | Killed Agnes
 29150 | D:15     | Reached skill level 10 in Polearms
 29809 | D:15     | Identified a scroll of acquirement
 29946 | D:15     | Found a staircase to the Depths.
 30073 | D:15     | Learned a level 5 spell: Iskenderun's Battlesphere
 30340 | Spider:1 | Entered Level 1 of the Spider Nest
 31637 | Spider:2 | Reached skill level 5 in Ice Magic
 32042 | Spider:2 | Noticed Asterion
 32048 | Spider:2 | Killed Asterion
 33756 | Spider:3 | Reached XP level 16. HP: 116/141 MP: 29/31
 34175 | Spider:3 | Identified the amulet "Agromi" {Faith Will+ Stlth+}
 34254 | Spider:3 | Learned a level 7 spell: Ozocubu's Refrigeration
 34472 | Spider:4 | Entered Level 4 of the Spider Nest
 34482 | Spider:4 | Reached skill level 10 in Ice Magic
 37589 | Spider:4 | Slain by a demonic crawler

Illustrated notes

Levels and vault maps discovered:
D:1:      evilmike_arrival_rings, layout_basic
D:2:      layout_loops_ring, serial_shops, nicolae_shop_tiny_glass,
          serial_bayou_pond_c, uniq_jessica, uniq_robin, uniq_sigmund
D:3:      layout_basic, mainiacjoe_overflow_alcove_4
D:4:      layout_basic, nicolae_qazlal_eye_of_the_storm, minmay_misc_feat_five
D:5:      minmay_spotlight, layout_basic, lemuel_zombie_altar_yredelemnul,
          temple_fountains, gammafunk_ghost_stat_death, serial_shops, shop,
          shop, shop, lightli_church_of_beogh
D:6:      layout_loops_cross, mainiacjoe_overflow_boulevard, uniq_menkaure
D:7:      layout_rooms, serial_corexii_hall, corexii_hall_statues_x,
          corexii_hall_statues_i, minmay_between, uniq_pikel, uniq_duvessa
D:8:      gammafunk_boulding_lane, layout_cave_pods, erik_lair_orcish_takeover,
          ebering_ghost_gozag, minmay_chambers_of_fives
D:9:      layout_long_grid, minitemple
D:10:     layout_loops_ring, hiddenorc2_lemuel, serial_shops, shop, uniq_urug
D:11:     layout_basic, ebering_ghost_xom, trog_ov_bears_minmay, uniq_nergalle
D:12:     layout_rooms, gauntlet_entry_generic
D:13:     kennysheep_treasure_stockpile, layout_irregular_city
D:14:     layout_cave_pools, david_vaults_1, kennysheep_cross_room
D:15:     hangedman_depths_entry_civil_slaughter, layout_loops_ring, uniq_agnes
Temple:   nicolae_temple_two_arcs
Lair:1:   layout_roguey, nicolae_quartered_pool_impasse, lemuel_fruit_tree,
          grunt_megastairs_5, infiniplex_staircase_pool, uniq_sonja,
          uniq_amaemon
Lair:2:   layout_regular_city, elwin_shoals_entry_rooms, uniq_maggie, uniq_erica
Lair:3:   layout_chaotic_city, nicolae_spider_entry_orb_guardian,
          chequers_serial_rivers_small_a
Lair:4:   layout_gridlike, st_stairs_5, serial_bayou_pond_a
Lair:5:   evilmike_catoblepas_cave, layout_gridlike, slime_entry_1,
          lemuel_oklob_altar, grunt_megastairs_1, infiniplex_staircase_pool_2
Spider:1: layout_spider_delve, nicolae_spider_webs_and_nodes
Spider:2: layout_spider_delve, nicolae_spider_stair_cavern, uniq_asterion
Spider:3: layout_spider_delve
Spider:4: hellmonk_spider_rune_bug_friends, uniq_bai_suzhen
Orc:1:    layout_diamond_mine, basic_altar
Orc:2:    st_orc_town, layout_caves, basic_altar, mines5_lemuel, uniq_donald

Skill      XL: |  1  2  3  4  5  6  7  8  9 10 11 12 13 14 15 16 |
---------------+-------------------------------------------------+-----
Spellcasting   | 2 3 5 6 7 |  7.0
Conjurations   | 4 6 7 8 9 |  9.0
Air Magic      | 2 3 5 8 9 |  9.0
Ice Magic      | 2 3 4 9 12 | 12.7
Earth Magic    | 1 2 |  2.0
Fighting       | 2 4 8 10 12 | 12.9
Dodging        | 2 4 8 10 12 13 | 13.0
Armour         | 5 6 |  6.9
Polearms       | 8 12 | 12.0
Stealth        | |  1.7

Action                     |  1- 3 |  4- 6 |  7- 9 | 10-12 | 13-15 | 16-18 || total
---------------------------+-------+-------+-------+-------+-------+-------++-------
  Melee: Dagger            |    19 |     8 |       |       |       |       ||    27
         Unarmed           |     3 |       |       |       |       |       ||     3
         Club              |       |     1 |    16 |       |       |       ||    17
         Short sword       |       |       |     8 |     1 |       |       ||     9
         Demon trident     |       |       |       |    75 |   146 |    13 ||   234
         Punch             |       |       |       |     1 |     5 |     2 ||     8
         Lance             |       |       |       |       |   290 |    63 ||   353
         Staff             |       |       |       |       |       |    10 ||    10
   Cast: Magic Dart        |    49 |   110 |    95 |     5 |    77 |     5 ||   341
         Searing Ray       |     4 |    13 |    41 |     3 |       |       ||    61
         Freezing Cloud    |       |       |     7 |    39 |   105 |    35 ||   186
         Stone Arrow       |       |       |    53 |   242 |   641 |   131 ||  1067
         Iskenderun's Batt |       |       |       |       |    24 |    18 ||    42
         Ozocubu's Refrige |       |       |       |       |       |    19 ||    19
  Evoke: Wand              |       |       |       |     2 |     3 |       ||     5
    Use: Potion            |     1 |       |       |       |     1 |     5 ||     7
         Scroll            |       |       |       |    12 |    10 |     4 ||    26
   Stab: Distracted        |       |       |       |       |     2 |       ||     2
 Armour: Robe              |     6 |    20 |    51 |     8 |       |       ||    85
         Steam dragon scal |       |       |       |    65 |   421 |   176 ||   662
  Dodge: Dodged            |    20 |    18 |    66 |   135 |   789 |   350 ||  1378
